 Dungeon Crawl Stone Soup version 0.30-a0-879-ga8ba668304 (webtiles) character file.

Game seed: 8527636204169736367

120 Zenkrye the Poker (level 5, 0/41 HPs)
             Began as a Human Cinder Acolyte on Mar 13, 2023.
             Was a High Priest of Ignis.
             Slain by a gnoll
             ... wielding a +0 whip
              (3 damage)
             ... on level 3 of the Dungeon.
             The game lasted 00:05:07 (2447 turns).

Zenkrye the Poker (Human Cinder Acolyte)            Turns: 2447, Time: 00:05:08

Health: 0/41       AC: 10    Str: 19    XL:     5   Next: 25%
Magic:  6/6        EV:  9    Int: 14    God:    Ignis [*****.]
Gold:   159        SH:  0    Dex:  9    Spells: 4/6 levels left

rFire   + . .      SeeInvis .    a - -1 spear (flame)
rCold   + . .      Faith    .    (no shield)
rNeg    . . .      Spirit   .    e - +0 scale mail
rPois   .          Reflect  .    (no helmet)
rElec   .          Rampage  .    (no cloak)
rCorr   .                        h - +2 pair of gloves {Str+3}
Will    .....                    g - +0 pair of boots Stlth
                                 (no amulet)
HPRegen 0.26/turn                c - ring of protection from cold
MPRegen 0.10/turn                (no ring)

@: about to teleport
A: no striking features
a: Renounce Religion, Fiery Armour, Foxfire Swarm, Rising Flame


You were on level 3 of the Dungeon.
You worshipped Ignis.
Ignis was extremely pleased with you.
You visited 1 branch of the dungeon, and saw 3 of its levels.

You collected 159 gold pieces.

Inventory:

Hand Weapons
 a - a -1 spear of flaming (weapon)
 o - a +0 spear
Missiles
 j - 2 boomerangs (quivered)
Armour
 b - a +0 robe
 e - a +0 scale mail (worn)
 f - a +0 leather armour
 g - a +0 pair of boots (worn)
 h - a +2 pair of gloves of strength (worn)
Jewellery
 c - a ring of protection from cold (left hand)
Scrolls
 l - a scroll of enchant armour {unknown}
 q - a scroll of blinking {unknown}
Potions
 d - a potion of might {@q4}
 i - 2 potions of curing {unknown}
 m - a potion of berserk rage {unknown}
 n - a potion of brilliance {unknown}


   Skills:
 - Level 3.0 Fighting
 * Level 5.5 Polearms
 - Level 1.0 Spellcasting
 - Level 3.0 Fire Magic


You had 4 spell levels left.
You knew the following spells:

 Your Spells              Type           Power      Damage    Failure   Level
a - Scorch                Fire           18%        2d5       36%         2

Your spell library contained the following spells:

 Spells                   Type           Power      Damage    Failure   Level
 Ensorcelled Hibernation  Hex/Ice        0%         N/A       77%         2
 Passwall                 Tmut/Erth      0%         N/A       77%         2
 Swiftness                Air            0%         N/A       94%         3


Dungeon Overview and Level Annotations

Branches:
Dungeon (3/15)

Altars:
Cheibriados
Zin

Annotations:
D:3 Ijyb


Message History

You hit Ijyb but do no damage.
Ijyb is lightly wounded.
You hit Ijyb but do no damage.
Ijyb is lightly wounded.
Ijyb hits you but does no damage. The goblin completely misses you.
The gnoll hits you from afar with a +0 spear.
The gnoll hits you but does no damage. x2
You closely miss Ijyb.
Ijyb is lightly wounded.
Ijyb hits you but does no damage. The gnoll hits you but does no damage.
The goblin hits you but does no damage. The gnoll completely misses you. x2
You hit Ijyb but do no damage.
Ijyb is lightly wounded.
You feel less wooden.
Your +2 pair of gloves of strength unmelds from your body.
Your +0 pair of boots unmelds from your body.
Your +0 scale mail unmelds from your body.
You feel stronger. Ijyb completely misses you.
The goblin hits you but does no damage. The gnoll closely misses you. x3
You barely miss Ijyb.
Ijyb is lightly wounded.
Ijyb completely misses you. The gnoll hits you with a +0 whip.
* * * LOW HITPOINT WARNING * * *
The goblin barely misses you.
The gnoll hits you from afar with a +0 spear.
* * * LOW HITPOINT WARNING * * *
The gnoll hits you but does no damage.
Unknown command.
As you read the scroll of teleportation {@r3}, it crumbles to dust.
You feel strangely unstable.
Ijyb screams, "It's all mine!"
Ijyb barely misses you. The goblin hits you with a +0 club.
* * * LOW HITPOINT WARNING * * *
The gnoll hits you from afar with a +0 spear.
* * * LOW HITPOINT WARNING * * *
The gnoll hits you with a +0 whip.
* * * LOW HITPOINT WARNING * * *
The gnoll hits you with a +0 whip.
You die...

#.. ..> #..# .## #..#
.# #..# # .. ..# .#
### #.####g. .# #..
......g###.##.. .# #.#
.# #wg@g...... ##
#.###.# #.g###.##.#
.## #..#..# #..#
..####....####..##.#..
..+...................
..####†...####...#.#..
.# #............... ##
####.######.#.### #
#.# .#...


You could see Ijyb, 3 gnolls, a dart slug and a goblin.

Vanquished Creatures
  4 gnolls (D:3)
  2 adders (D:2)
  A worm (D:2)
  A dart slug (D:1)
  6 ball pythons
  2 endoplasms (D:2)
  2 giant cockroaches (D:1)
  7 goblins
  5 hobgoblins
  4 jackals (D:3)
  3 kobolds
  A quokka (D:1)
  5 bats
  12 frilled lizards
  8 rats
63 creatures vanquished.

Notes
Turn   | Place    | Note
-------+----------+-------------------------------------------
     0 | D:1      | Zenkrye the Human Cinder Acolyte began the quest for the
                  | Orb.
     0 | D:1      | Reached XP level 1. HP: 18/18 MP: 2/2
    96 | D:1      | Reached XP level 2. HP: 22/24 MP: 3/3
   193 | D:1      | Learned a level 2 spell: Scorch
   579 | D:1      | Found a faded altar of an unknown god.
   666 | D:1      | Reached skill level 4 in Polearms
   666 | D:1      | Reached XP level 3. HP: 21/29 MP: 4/4
  1173 | D:2      | Reached XP level 4. HP: 35/35 MP: 5/5
  1668 | D:3      | Reached skill level 5 in Polearms
  1831 | D:3      | Found a snail-covered altar of Cheibriados.
  2075 | D:3      | Reached XP level 5. HP: 27/41 MP: 6/6
  2206 | D:3      | Found a glowing silver altar of Zin.
  2415 | D:3      | Noticed Ijyb
  2447 | D:3      | Slain by a gnoll

Illustrated notes

Levels and vault maps discovered:
D:1:      scummos_arrival_checkerplants, layout_loops_ring,
          dilly_ecumenical_altar_fadedgnrine
D:2:      layout_rooms, minmay_lizard_pond
D:3:      layout_loops_corners, old_standard_altar,
          lemuel_coloured_pillars_altar, uniq_ijyb, uniq_grinder

Skill      XL: |  1  2  3  4 |
---------------+-------------+-----
Polearms       | 4 5 |  5.5
Fighting       | |  3.0
Spellcasting   | |  1.0
Fire Magic     | |  3.0

Action                     |  1- 3 |  4- 6 || total
---------------------------+-------+-------++-------
  Melee: Spear             |   162 |   144 ||   306
  Throw: Boomerang         |       |     5 ||     5
    Use: Scroll            |     5 |     4 ||     9
         Potion            |       |     1 ||     1
 Armour: Robe              |     6 |       ||     6
         Leather armour    |    12 |       ||    12
         Scale mail        |    22 |    32 ||    54
         Skin              |       |    48 ||    48
  Dodge: Dodged            |    69 |    63 ||   132

Table legend: (Time is in decaauts)
 A = Elapsed time spent in this place.
 B = Non-inter-level travel time spent in this place.
 C = Inter-level travel time spent in this place.
 D = Time resting spent in this place.
 E = Time spent auto-exploring this place.
 F = Levels seen in this place.
 G = Mean time per level.
                   A        B        C        D        E       F      G
               +--------+--------+--------+--------+--------+-----+--------+
         Total |   2409 |   2376 |     33 |    215 |   1611 |   3 |  803.0 |
       Dungeon |   2409 |   2376 |     33 |    215 |   1611 |   3 |  803.0 |
               +--------+--------+--------+--------+--------+-----+--------+

Top non-repeatable levels by time:
     D:1: 910 daAuts
     D:3: 843 daAuts
     D:2: 655 daAuts
